 Dungeon Crawl Stone Soup version bcrawl-1.12-8-g964540c432 (webtiles) character file.

Game seed: 8693688205787670467

76618 MisterOstroum the Fencer (level 15, -10/120 HPs)
             Began as a Demonspawn Archaeologist on June 6, 2019.
             Was the Champion of Okawaru.
             Killed by the raging water
             ... invoked by a water nymph
              (32 damage)
             ... on level 1 of the Shoals.
             The game lasted 01:47:08 (23443 turns).

MisterOstroum the Fencer (DsAc)                    Turns: 23443, Time: 01:47:08

Health: -10/120    AC: 20    Str: 23    XL:     15   Next: 13%
Magic:  19/19      EV: 13    Int: 21    God:    Okawaru [******]
Gold:   1554       SH: 22    Dex: 14    Spells: 14/14 levels left

rFire    + . .     SeeInvis .   b - +7 Screaming Sword {slice, sonic wave}
rCold    . . .     Gourm    .   C - +2 shield
rNeg     . . .     Faith    .   N - +3 ring mail {rC+}
rPois    +         Spirit   .   y - +2 helmet
rElec    +         Reflect  +   V - +0 cloak of the Sparrow {rPois MR+ Slay+2}
rCorr    .         Harm     .   j - +1 pair of gloves
MR       ++...                  c - +1 pair of boots
Stlth    +.........             U - amulet of Ylo Utu {Reflect Int+4 Dex+2 SH+3}
HPRegen  0.30/turn              m - +2 ring of dexterity
MPRegen  0.16/turn              T - ring "Zicureuts" {Fire rElec Str+4 Dex-4}

@: mighty, very slow
A: talons 1, icy blue scales 1, foul stench 1, powered by pain 2, rot immunity
a: Heroism, Finesse, Renounce Religion


You were on level 1 of the Shoals.
You worshipped Okawaru.
Okawaru was exalted by your worship.
You were not hungry.

You visited 3 branches of the dungeon, and saw 18 of its levels.

You collected 1554 gold pieces.

Inventory:

Hand Weapons
 a - the +1 hand crossbow "Beeps" {velocity, rC+ Int+4 Dex+2 Stlth-}
   (Okawaru gifted it to you on level 10 of the Dungeon)

   Any bolt fired from it inflicts extra damage.
   It affects your intelligence (+4).
   It affects your dexterity (+2).
   It protects you from cold.
   It makes you less stealthy.
 b - the +7 Screaming Sword (weapon) {slice, sonic wave}

   It inflicts extra damage upon your enemies.
 k - a +6 hand axe of flaming
Missiles
 i - 3316 stones (quivered)
 D - 46 exploding tomahawks
 O - 229 tomahawks
 P - 144 javelins
 S - 677 bolts
Armour
 c - a +1 pair of boots (worn)
 j - a +1 pair of gloves (worn)
 y - a +2 helmet (worn)
 C - a +2 shield (worn)
 N - a +3 ring mail of cold resistance (worn)
 V - the +0 cloak of the Sparrow (worn) {rPois MR+ Slay+2}
   (Okawaru gifted it to you on level 1 of the Shoals)

   It affects your accuracy and damage with ranged weapons and melee attacks
   (+2).
   It protects you from poison.
   It affects your resistance to hostile enchantments.
Jewellery
 g - an uncursed ring of see invisible
 m - a +2 ring of dexterity (left hand)
 q - an uncursed ring of insulation
 u - an uncursed ring of ice
 E - an uncursed amulet of guardian spirit
 T - the ring "Zicureuts" (right hand) {Fire rElec Str+4 Dex-4}
   (You found it on level 2 of the Lair of Beasts)

   [ring of fire]

   It enhances your fire magic.
   It affects your strength (+4).
   It affects your dexterity (-4).
   It protects you from fire.
   It makes you vulnerable to cold.
   It insulates you from electricity.
 U - the amulet of Ylo Utu (around neck) {Reflect Int+4 Dex+2 SH+3}
   (You found it on level 2 of the Lair of Beasts)

   [amulet of reflection]

   It shields you and reflects attacks.
   It affects your intelligence (+4).
   It affects your dexterity (+2).
   It affects your SH (+3).
Wands
 h - a wand of flame (19)
 x - a wand of paralysis (30)
 A - a wand of iceblast (31)
 J - a wand of acid (11)
 Q - a wand of digging (4)
 R - a wand of polymorph (9)
Scrolls
 o - 8 scrolls of teleportation {@r3 !r}
 r - 3 scrolls of remove curse {@r2}
 v - 3 scrolls of fog {!r}
 w - a scroll of enchant weapon
 B - a scroll of immolation
 H - 2 scrolls of magic mapping {@r5 !r}
 K - a scroll of silence
 M - 3 scrolls of fear {!r}
Potions
 f - 5 potions of flight
 l - 8 potions of curing {@q1 !q}
 n - 3 potions of might
 p - 2 potions of haste {@q4 !q}
 s - 2 potions of magic
 t - 3 potions of heal wounds {@q2 !q}
 z - 2 potions of brilliance
 F - 2 potions of invisibility
 G - a potion of mutation {unknown}
 I - 3 potions of lignification {@q6}
Miscellaneous
 L - a lamp of fire
Comestibles
 e - 38 rations {!d}


   Skills:
 + Level 12.0 Fighting
 - Level 16.0 Long Blades
 - Level 7.0 Armour
 - Level 5.0 Dodging
 - Level 3.0 Stealth
 + Level 11.4 Shields
 - Level 6.5 Invocations
 - Level 6.1 Evocations


You had 14 spell levels left.
You didn't know any spells.
Your spell library contained the following spells:

 Spells                   Type           Power        Failure   Level  Hunger
 Shock                    Conj/Air       #...         38%         1    ##.....
 Summon Small Mammal      Summ           #...         38%         1    ##.....
 Call Imp                 Summ           #.......     54%         2    ###....
 Swiftness                Chrm/Air       #.......     54%         2    ###....
 Call Canine Familiar     Summ           #.......     77%         3    ####...
 Confuse                  Hex            #.......     77%         3    ####...
 Dazzling Spray           Conj/Hex       #.....       77%         3    ####...
 Static Discharge         Conj/Air       #.......     77%         3    ####...
 Airstrike                Air            #.........   99%         4    #####..
 Petrify                  Tmut/Erth      #.......     99%         4    #####..
 Summon Ice Beast         Ice/Summ       #.......     99%         4    #####..
 Yara's Violent Unravell  Hex/Tmut       #.........   99%         4    #####..
 Lightning Bolt           Conj/Air       #.........   100%        5    ######.
 Metabolic Englaciation   Hex/Ice        #.........   100%        5    ######.
 Summon Lightning Spire   Summ/Air       #.......     100%        5    ######.


Dungeon Overview and Level Annotations

Branches:
Dungeon (11/12)            Temple (0/1) D:7            Lair (6/6) D:10
 Shoals (1/3) Lair:3       Spider (0/3) Lair:2        Slime (0/5) Lair:5
    Orc (0/1) D:11
 Vaults: D:11-12

Altars:
Cheibriados
Dithmenos
Elyvilon
Fedhas
Hepliaklqana
Lugonu
Nemelex Xobeh
Okawaru
Ru
Sif Muna
Uskayaw
Xom
Yredelemnul
The Shining One

Annotations:
D:4 1 runed door
D:8 1 runed door
Lair:4 exclusion: oklob plant
Shoals:1 exclusion: merfolk avatar


Innate Abilities, Weirdness & Mutations

You have sharp toenails.
You are partially covered in icy blue scales. (AC +2)
You may emit foul miasma when damaged in melee.
You sometimes gain power by taking damage.
You are immune to rotting.


Message History

You slash the hippogriff!
The hippogriff is severely wounded.
You slice the hippogriff!!
You kill the hippogriff!
Okawaru accepts your kill.
Your Fighting skill increases to level 12!
The snapping turtle bites you!
You emit a cloud of foul miasma!
You see here a hippogriff corpse.
You slash the snapping turtle!
The snapping turtle is moderately wounded.
The water nymph flows with the water.
You hit the snapping turtle.
The snapping turtle is moderately wounded.
The snapping turtle is engulfed in dark miasma.
The snapping turtle is poisoned.
The snapping turtle barely misses you.
You hit the snapping turtle but do no damage.
The snapping turtle is heavily wounded.
The snapping turtle is engulfed in dark miasma.
The snapping turtle looks even sicker.
You block the snapping turtle's attack.
The snapping turtle is engulfed in dark miasma.
The snapping turtle looks even sicker.
The snapping turtle bites you but does no damage.
You barely miss the snapping turtle.
The snapping turtle is severely wounded.
Splash!
You fall into the shallow water.
Moving in this stuff is going to be slow.
The snapping turtle is engulfed in dark miasma.
The snapping turtle looks as sick as possible!
The snapping turtle seems to slow down.
You block the snapping turtle's attack.
Splash!
You fall into the shallow water.
Moving in this stuff is going to be slow.
The snapping turtle is engulfed in dark miasma.
The snapping turtle looks as sick as possible!
A faun comes into view. It is wielding a +0 spear.
A water elemental comes into view.
A faun comes into view. It is wielding a +0 quarterstaff.
The faun shouts! x2
The faun unwields a +0 quarterstaff.
The faun wields a +0 hunting sling.
The faun shoots a stone.
The stone hits you but does no damage. You block the water nymph's attack.
Splash!
You fall into the shallow water.
Moving in this stuff is going to be slow.
Your unstable footing causes you to fumble your attack.
You block the snapping turtle's attack. The water nymph closely misses you.
You slash the water nymph!
The water nymph is moderately wounded.
You miss the water nymph.
The water nymph is moderately wounded.
You block the water nymph's attack.
You slice the water nymph!!
The water nymph is almost dead.
You block the snapping turtle's attack. You block the water nymph's attack.
You closely miss the water nymph.
The water nymph is almost dead.
Your unstable footing causes you to fumble your attack.
The water nymph touches you. The water nymph drowns you!
The water nymph looks sick.
The faun shoots a stone.
You reflect the stone off an invisible shield around you!
The stone closely misses the faun.
You block the snapping turtle's attack.
Your unstable footing causes you to fumble your attack.
The water nymph closely misses you.
Your unstable footing causes you to fumble your attack.
You block the faun's attack.
The snapping turtle completely misses you.
The water nymph gestures at you while chanting.
The water swirls and strikes you!
You barely miss the water nymph.
The water nymph is almost dead.
Your unstable footing causes you to fumble your attack.
The faun splashes around in the water.
The water nymph casts a spell at you. The water swirls and strikes you!
* * * LOW HITPOINT WARNING * * *
You focus on the pain.
You feel very mighty all of a sudden. You block the water elemental's attack.
The faun shoots a stone.
You reflect the stone off an invisible shield around you!
The stone hits the faun!!
Okay, then.
Really quaff
t - 4 potions of heal wounds {@q2 !q}?
You feel much better. The faun misses you. The snapping turtle bites you!!
* * * LOW HITPOINT WARNING * * *
The snapping turtle looks sick.
The water nymph touches you. The water nymph drowns you!
* * * LOW HITPOINT WARNING * * *
A satyr comes into view. It is wielding a +0 spear.
You block the water elemental's attack.
Really read
M - 4 scrolls of fear {!r}?
As you read the scroll of fear {!r}, it crumbles to dust.
You assume a fearsome visage.
The water nymph resists with some effort.
The faun looks frightened! x2; The snapping turtle looks frightened!
The satyr looks frightened!
The water elemental is unaffected.
The snapping turtle is no longer moving slowly.
The water nymph gestures at you while chanting.
The water swirls and strikes you!
You die...

P≈P≈P≈≈≈≈≈≈≈≈≈≈... .≈≈≈
≈≈PP≈≈..≈≈≈≈≈≈≈≈≈... ≈≈
P.≈≈.....≈≈≈≈≈≈..###
#........≈≈≈≈≈... ##...
#....≈≈....
......###†.≈≈.#..
......###≈.≈≈≈..≈
.c.....#mt..≈≈≈≈≈
....≈..E@≈..≈≈≈≈≈ ≈≈≈
....≈......≈≈≈≈≈≈ ≈≈≈≈
.....≈..≈.≈≈≈≈≈≈≈ ≈≈≈≈≈≈≈
≈..###≈.c.≈≈≈≈≈≈≈≈≈≈≈≈≈≈≈
≈. #c...≈≈≈≈≈≈≈≈≈≈≈≈≈≈≈ ≈
..≈..≈≈≈≈≈≈≈≈≈≈≈≈≈≈≈
...≈≈≈≈≈≈≈≈≈≈≈≈≈≈≈$..
≈≈....≈≈≈≈≈≈≈≈≈≈≈≈≈≈.#
≈≈≈≈≈≈≈≈..


You could see a satyr (fleeing), a snapping turtle (fleeing), 2 fauns, a water
elemental and a water nymph.

Vanquished Creatures
  Kirke (D:11)
  The ghost of Wuvuatt the Impaler, a journeyman MiBe of Trog (Lair:2)
  A merfolk impaler (Shoals:1)
  13 hydras
  A satyr (Shoals:1)
  2 centaur warriors (D:11)
  3 two-headed ogres
  A merfolk avatar (Shoals:1)
  A catoblepas (Lair:3)
  A tengu warrior (D:9)
  3 death yaks (D:10)
  5 skeletal warriors (D:8)
  3 sea snakes (Shoals:1)
  A deep elf archer (D:11)
  2 harpies (Shoals:1)
  4 cyclopes
  A wolf spider zombie (D:11)
  An ugly thing (D:10)
  2 manticores (Shoals:1)
  4 fauns (Shoals:1)
  18 elephants
  A centaur zombie (D:11)
  A torpor snail (Lair:2)
  4 black mambas
  22 cane toads
  A water nymph (Shoals:1)
  2 gargoyles
  7 komodo dragons
  7 rime drakes
  A kobold demonologist (D:10)
  A tengu conjurer (D:9)
  A queen bee (Lair:3)
  4 trolls
  14 blink frogs
  3 merfolk (Shoals:1)
  3 snapping turtles (Shoals:1)
  10 slime creatures
  9 dream sheep
  6 hippogriffs
  A tarantella (Lair:2)
  3 wyverns
  21 yaks
  3 shadows
  2 water elementals (Shoals:1)
  5 hogs (D:11)
  A human (D:11)
  3 basilisks
  A steam dragon (Lair:5)
  A hungry ghost (D:4)
  9 vampire mosquitoes
  12 water moccasins
  8 porcupines
  An ice beast (D:8)
  A black bear (D:7)
  6 sky beasts
  3 orc warriors
  9 wolves
  8 ogres
  3 phantoms
  6 crocodiles
  12 centaurs
  4 big kobolds
  15 bullfrogs
  3 scorpions
  A blink frog simulacrum (Lair:2)
  A water moccasin skeleton (D:9)
  2 elephant simulacra (Lair:2)
  27 killer bees
  A howler monkey (D:8)
  4 crimson imps
  2 bullfrog zombies
  2 hippogriff simulacra (Lair:2)
  7 orc priests
  8 jellies
  A komodo dragon simulacrum (Lair:2)
  2 hounds
  9 orc wizards
  A centaur skeleton (D:5)
  6 iguanas
  A hell rat (D:10)
  8 worker ants
  A wolf simulacrum (Lair:2)
  A hound zombie (D:5)
  A hound skeleton (D:8)
  A howler monkey zombie (D:4)
  A gnoll (D:3)
  12 adders
  A crocodile simulacrum (Lair:2)
  A shadow imp (D:8)
  6 oozes
  4 worms
  3 adder skeletons
  An adder zombie (D:6)
  A dart slug (D:4)
  4 leopard geckos
  39 orcs
  A giant cockroach (D:2)
  6 goblins
  8 hobgoblins
  8 jackals
  5 quokkas
  A ball python (D:1)
  6 bats
  4 frilled lizards
  7 kobolds
  A quokka skeleton (D:4)
  4 rats
  A spectral orc (D:4)
519 creatures vanquished.

Vanquished Creatures (others)
  2 manticores (Shoals:1)
  A rime drake (Lair:2)
  A human (D:11)
  3 yaks (Lair:5)
  An orc wizard (D:3)
  6 fungi
  22 plants
36 creatures vanquished.

Grand Total: 555 creatures vanquished

Notes
Turn   | Place    | Note
-------+----------+-------------------------------------------
     0 | D:1      | MisterOstroum the Demonspawn Archaeologist began the quest
                  | for the Orb.
     0 | D:1      | Reached XP level 1. HP: 15/15 MP: 1/1
   325 | D:1      | Gained mutation: You are immune to rotting. [demonic
                  | ancestry]
   325 | D:1      | Reached XP level 2. HP: 22/22 MP: 2/2
  1955 | D:2      | Found a sacrificial altar of Ru.
  1975 | D:2      | Reached XP level 3. HP: 19/29 MP: 3/3
  1995 | D:2      | Became a worshipper of Ru the Awakened
  2386 | D:2      | Found a shadowy altar of Dithmenos.
  2499 | D:2      | Reached skill level 1 in Long Blades
  2996 | D:2      | Found a hazy altar of Hepliaklqana.
  3009 | D:2      | Found an iron altar of Okawaru.
  3108 | D:3      | Found a blossoming altar of Fedhas.
  3141 | D:3      | Noticed a big kobold
  3190 | D:2      | Fell from the grace of Ru
  3192 | D:2      | Became a worshipper of Warmaster Okawaru
  3470 | D:3      | Found a snail-covered altar of Cheibriados.
  3709 | D:3      | Gained mutation: You are partially covered in icy blue
                  | scales. (AC +2) [demonic ancestry]
  3709 | D:3      | Reached XP level 4. HP: 35/35 MP: 4/4
  3715 | D:3      | Reached skill level 2 in Long Blades
  4101 | D:3      | Reached skill level 3 in Long Blades
  4131 | D:3      | Killed a big kobold
  4131 | D:3      | Reached XP level 5. HP: 39/43 MP: 5/5
  4201 | D:3      | Reached skill level 4 in Long Blades
  4944 | D:3      | Gained mutation: You sometimes gain a little power by
                  | taking damage. [demonic ancestry]
  4944 | D:3      | Reached XP level 6. HP: 40/50 MP: 6/6
  4961 | D:3      | Reached skill level 5 in Fighting
  5080 | D:4      | Found a runed door.
  5138 | D:4      | Noticed a sky beast
  5153 | D:4      | Killed a sky beast
  5153 | D:4      | Reached * piety under Okawaru
  5153 | D:4      | Reached skill level 5 in Long Blades
  5203 | D:4      | Noticed a hungry ghost
  5228 | D:4      | Killed a hungry ghost
  5228 | D:4      | Reached skill level 6 in Long Blades
  5228 | D:4      | Gained mutation: You have sharp toenails. [demonic
                  | ancestry]
  5228 | D:4      | Reached XP level 7. HP: 50/57 MP: 7/7
  5475 | D:4      | Found a glowing golden altar of the Shining One.
  5641 | D:4      | Reached ** piety under Okawaru
  5641 | D:4      | Reached skill level 1 in Shields
  5982 | D:4      | Found a basalt altar of Yredelemnul.
  6277 | D:5      | Entered Level 5 of the Dungeon
  6339 | D:5      | Reached skill level 7 in Long Blades
  6346 | D:5      | Reached XP level 8. HP: 33/65 MP: 8/8
  7511 | D:6      | Reached *** piety under Okawaru
  7640 | D:6      | Reached skill level 8 in Long Blades
  7656 | D:6      | Gained mutation: You sometimes gain power by taking damage.
                  | [demonic ancestry]
  7656 | D:6      | Reached XP level 9. HP: 74/74 MP: 9/9
  8072 | D:7      | Found a hide-covered altar of Uskayaw.
  8074 | D:7      | Noticed a cyclops
  8100 | D:7      | Found a shimmering altar of Xom.
  8173 | D:7      | Found a white marble altar of Elyvilon.
  8173 | D:7      | Noticed a gargoyle
  8195 | D:7      | Killed a gargoyle
  8322 | D:7      | Reached **** piety under Okawaru
  8333 | D:7      | Killed a cyclops
  8601 | D:7      | Reached skill level 9 in Long Blades
  8601 | D:7      | Reached skill level 5 in Dodging
  8763 | D:7      | Found a staircase to the Ecumenical Temple.
  8955 | D:8      | Reached skill level 1 in Invocations
  8956 | D:8      | Noticed a two-headed ogre
  9005 | D:8      | Killed a two-headed ogre
  9005 | D:8      | Reached skill level 1 in Evocations
  9005 | D:8      | Reached XP level 10. HP: 47/83 MP: 8/12
  9350 | D:8      | Noticed a yaktaur captain
  9350 | D:8      | Noticed an ettin
  9350 | D:8      | Noticed a necromancer
  9351 | D:8      | Identified the +8 dagger of a bailey {elec, Fragile rPois
                  | rF+}
  9351 | D:8      | Identified the +2 quarterstaff "Mijayrgh" {crush, rN+}
  9352 | D:8      | Noticed a frost giant
  9450 | D:8      | Noticed a cyclops
  9470 | D:8      | Reached ***** piety under Okawaru
  9474 | D:8      | Killed a cyclops
  9644 | D:8      | Found a deep blue altar of Sif Muna.
  9645 | D:8      | Found a sparkling altar of Nemelex Xobeh.
  9909 | D:8      | Noticed a skeletal warrior
  9909 | D:8      | Noticed a skeletal warrior
  9909 | D:8      | Noticed a skeletal warrior
  9927 | D:8      | Killed a skeletal warrior
  9927 | D:8      | Reached skill level 10 in Fighting
  9945 | D:8      | Noticed a skeletal warrior
  9947 | D:8      | Noticed a skeletal warrior
  9948 | D:8      | Killed a skeletal warrior
  9948 | D:8      | Received a gift from Okawaru
  9948 | D:8      | Reached skill level 10 in Long Blades
  9948 | D:8      | Reached skill level 5 in Shields
  9950 | D:8      | Killed a skeletal warrior
  9956 | D:8      | Killed a skeletal warrior
  9956 | D:8      | Reached XP level 11. HP: 90/90 MP: 11/13
  9967 | D:8      | Killed a skeletal warrior
 10127 | D:8      | Found a corrupted altar of Lugonu.
 10216 | D:8      | Found a runed door.
 10216 | D:8      | Noticed a deep troll
 10216 | D:8      | Noticed an orc knight
 10218 | D:8      | Noticed a war gargoyle
 10218 | D:8      | Identified the ring "Hokimmyu" {Wiz rN+ MP+9}
 10218 | D:8      | Noticed a necromancer
 10313 | D:9      | Noticed a two-headed ogre
 10320 | D:9      | Killed a two-headed ogre
 10782 | D:9      | Noticed a tengu warrior
 10795 | D:9      | Killed a tengu warrior
 10795 | D:9      | Reached skill level 5 in Invocations
 10828 | D:9      | Reached skill level 11 in Long Blades
 11706 | D:10     | Entered Level 10 of the Dungeon
 11837 | D:10     | Reached skill level 5 in Evocations
 12056 | D:10     | Reached skill level 1 in Armour
 12075 | D:10     | Noticed a sixfirhy
 12251 | D:10     | Found a staircase to the Lair.
 12289 | D:10     | Noticed a death yak
 12289 | D:10     | Noticed a two-headed ogre
 12306 | D:10     | Killed a two-headed ogre
 12326 | D:10     | Noticed a death yak
 12387 | D:10     | Noticed a death yak
 12392 | D:10     | Killed a death yak
 12392 | D:10     | Received a gift from Okawaru
 12394 | D:10     | Killed a death yak
 12396 | D:10     | Reached XP level 12. HP: 58/97 MP: 13/16
 12404 | D:10     | Killed a death yak
 12404 | D:10     | Reached ****** piety under Okawaru
 12407 | D:10     | Got a faintly glowing hand crossbow {god gift}
 12412 | D:10     | Identified the +1 hand crossbow "Beeps" {velocity, rC+
                  | Int+4 Dex+2 Stlth-} (Okawaru gifted it to you on level 10
                  | of the Dungeon)
 12720 | D:10     | Reached skill level 12 in Long Blades
 13185 | Lair:1   | Entered Level 1 of the Lair of Beasts
 13253 | Lair:1   | Noticed a five-headed hydra
 13253 | Lair:1   | Noticed a five-headed hydra
 13263 | Lair:1   | Killed a five-headed hydra
 13263 | Lair:1   | Received a gift from Okawaru
 13267 | Lair:1   | Killed a five-headed hydra
 13268 | Lair:1   | Got a transparent eveningstar {god gift}
 13269 | Lair:1   | Identified the +1 eveningstar "Mywkalej" {drain, rF+ Int+4}
                  | (Okawaru gifted it to you on level 1 of the Lair of Beasts)
 13371 | Lair:1   | Noticed a seven-headed hydra
 13531 | Lair:1   | Noticed an eight-headed hydra
 13536 | Lair:1   | Killed an eight-headed hydra
 13722 | Lair:1   | Reached skill level 13 in Long Blades
 13802 | Lair:2   | Reached skill level 5 in Armour
 13897 | Lair:2   | Received a gift from Okawaru
 13957 | Lair:2   | Got a shadowed robe
 13982 | Lair:2   | Found a hole to the Spider Nest.
 14037 | Lair:2   | Noticed Wuvuatt's ghost (journeyman MiBe)
 14076 | Lair:2   | Found a runed translucent gate.
 14076 | Lair:2   | Found a runed translucent gate.
 14076 | Lair:2   | Found a runed translucent gate.
 14244 | Lair:2   | Noticed a five-headed hydra
 14253 | Lair:2   | Gained mutation: You may emit foul miasma when damaged in
                  | melee. [demonic ancestry]
 14253 | Lair:2   | Reached XP level 13. HP: 93/103 MP: 15/17
 14703 | Lair:3   | Received a gift from Okawaru
 15113 | Lair:3   | Found a staircase to the Shoals.
 15873 | Lair:4   | Identified the cursed +0 robe "Apebb" {+Fly Str+2} (You
                  | found it on level 2 of the Lair of Beasts)
 16391 | Lair:4   | Received a gift from Okawaru
 17099 | Lair:4   | Reached skill level 14 in Long Blades
 18371 | Lair:5   | Found a staircase to the Slime Pits.
 18606 | Lair:5   | Received a gift from Okawaru
 19308 | Lair:6   | Entered Level 6 of the Lair of Beasts
 19345 | Lair:5   | Reached XP level 14. HP: 71/110 MP: 13/18
 19807 | Lair:6   | Reached skill level 10 in Shields
 19816 | Lair:5   | Received a gift from Okawaru
 19817 | Lair:5   | Found the +8 storm bow {lightning rElec Stlth-}
 19961 | Lair:6   | Reached skill level 15 in Long Blades
 20359 | D:11     | Received a gift from Okawaru
 20510 | D:11     | Found a staircase to the Orcish Mines.
 20985 | D:11     | Got an encrusted ring mail
 21304 | D:11     | Noticed Kirke
 21456 | D:11     | Killed Kirke
 21869 | D:10     | Identified the cursed +1 ring mail "Ycrow" {Int+5} (You
                  | found it on level 11 of the Dungeon)
 22365 | Lair:2   | Killed Wuvuatt's ghost
 22473 | Lair:2   | Got the ring "Zicureuts" {Fire}
 22478 | Lair:2   | Got a clouded silver amulet
 22488 | Lair:2   | Identified the amulet of Ylo Utu {Reflect Int+4 Dex+2 SH+3}
                  | (You found it on level 2 of the Lair of Beasts)
 22492 | Lair:2   | Identified the ring "Zicureuts" {Fire rElec Str+4 Dex-4}
                  | (You found it on level 2 of the Lair of Beasts)
 22545 | Shoals:1 | Entered Level 1 of the Shoals
 22575 | Shoals:1 | Received a gift from Okawaru
 22579 | Shoals:1 | Got a distressingly furry cloak {god gift}
 22638 | Lair:3   | Identified the +0 cloak of the Sparrow {rPois MR+ Slay+2}
                  | (Okawaru gifted it to you on level 1 of the Shoals)
 22800 | Shoals:1 | Reached skill level 16 in Long Blades
 23123 | Shoals:1 | Reached XP level 15. HP: 103/120 MP: 19/19
 23443 | Shoals:1 | Killed from afar by a water nymph

Skill      XL: |  1  2  3  4  5  6  7  8  9 10 11 12 13 14 15 |
---------------+----------------------------------------------+-----
Fighting       | 2 3 4 5 6 7 9 10 11 12 | 12.0
Long Blades    | 1 3 4 6 7 8 9 10 11 13 14 16 | 16.0
Dodging        | 3 4 5 |  5.0
Shields        | 1 2 4 5 6 8 9 11 | 11.4
Invocations    | 2 3 6 |  6.5
Evocations     | 1 3 5 6 |  6.1
Armour         | 2 5 7 |  7.0
Stealth        | |  3.0

Action                   |  1- 3 |  4- 6 |  7- 9 | 10-12 | 13-15 || total
-------------------------+-------+-------+-------+-------+-------++-------
Melee: Whip              |   119 |       |       |       |       ||   119
       Unarmed           |     2 |       |       |       |    14 ||    16
       Short sword       |   123 |       |       |       |       ||   123
       Hand axe          |     1 |   119 |    50 |       |     5 ||   175
       Double sword      |       |       |   232 |   402 |   834 ||  1468
 Fire: Hand crossbow     |       |       |       |       |    40 ||    40
Throw: Stone             |   121 |    30 |   168 |   145 |   235 ||   699
       Tomahawk          |       |       |       |     2 |     3 ||     5
       Javelin           |       |       |       |       |     1 ||     1
Invok: Renounce Religion |     1 |       |       |       |       ||     1
       Heroism           |       |       |     2 |    11 |    18 ||    31
 Abil: Evoke Invisibilit |       |       |     1 |     1 |       ||     2
Evoke: Wand              |       |       |       |    10 |    39 ||    49
       Lamp of fire      |       |       |       |     1 |     2 ||     3
  Use: Scroll            |    11 |     1 |     6 |     6 |    18 ||    42
       Potion            |       |     2 |       |       |     4 ||     6
 Stab: Sleeping          |       |       |     4 |     3 |     1 ||     8
       Invisible         |       |       |     2 |     1 |       ||     3
       Distracted        |       |       |       |     1 |       ||     1
  Eat: Chunk             |     9 |     5 |    14 |    14 |    19 ||    61
       Ration            |       |     2 |       |     1 |     3 ||     6
Armor: Robe              |    72 |    55 |    81 |     5 |       ||   213
       Troll leather arm |       |       |       |     5 |       ||     5
       Ring mail         |       |       |       |    94 |   220 ||   314
Dodge: Dodged            |   129 |    74 |    72 |   145 |   243 ||   663
Block: Shield            |       |     4 |   156 |   298 |   769 ||  1227
       Reflection        |       |       |       |       |    16 ||    16
